 Dungeon Crawl Stone Soup version 0.21.1-1-g345015fe64 (webtiles) character file.

68 Oravi the Vandal (level 4, 0/43 HPs)
             Began as a Halfling Hunter on Apr 18, 2018.
             Slain by Purgy (2 damage)
             ... in a sewer.
             The game lasted 00:05:38 (2037 turns).

Oravi the Vandal (Halfling Hunter)                  Turns: 2037, Time: 00:05:39

Health: 0/43       AC:  5    Str: 18    XL:     4   Next: 41%
Magic:  0/4        EV: 14    Int:  9    God:
Gold:   82         SH:  0    Dex: 15    Spells: 3/3 levels left

rFire    . . .     SeeInvis .   a - +1 hunting sling
rCold    . . .     Gourm    .   (shield restricted)
rNeg     . . .     Faith    .   c - +0 leather armour
rPois    .         Spirit   +   i - +1 helmet
rElec    .         Reflect  .   (no cloak)
rCorr    .         Harm     .   (no gloves)
MR       .....                  (no boots)
Stlth    ..........             h - amulet of guardian spirit
HPRegen  0.14/turn              (no ring)
MPRegen  0.09/turn              (no ring)

@: berserking, very quick
A: small, mutation resistance 1
a: no special abilities


You were in a sewer.
You were not hungry.

You visited 1 branch of the dungeon, and saw 3 of its levels.
You also visited: Sewer.

You collected 82 gold pieces.

Inventory:

Hand Weapons
 a - a +1 hunting sling (weapon)
 b - a +1 short sword of electrocution
Missiles
 d - 5 sling bullets (quivered)
 k - 69 stones
Armour
 c - a +0 leather armour (worn)
 i - a +1 helmet (worn)
Jewellery
 h - an amulet of guardian spirit (around neck)
Scrolls
 m - a scroll of teleportation
 n - a scroll of magic mapping {unknown}
 p - a scroll of blinking {unknown}
 q - a scroll of identify
 s - a scroll of random uselessness {unknown}
Potions
 e - a potion of ambrosia
 o - 4 potions of heal wounds {unknown}
 r - a potion of invisibility {unknown}
Comestibles
 f - 3 rations
 j - 6 chunks of flesh


   Skills:
 + Level 1.9 Fighting
 * Level 2.1 Short Blades
 + Level 7.3 Slings
 + Level 0.5 Armour
 + Level 2.2 Dodging
 - Level 1.1 Stealth


You had 3 spell levels left.
You didn't know any spells.

Dungeon Overview and Level Annotations

Branches:
Dungeon (3/15)

Altars:
Cheibriados
Elyvilon
Qazlal

Annotations:
Sewer Purgy


Innate Abilities, Weirdness & Mutations

You are small and have problems with some larger weapons.
You are somewhat resistant to further mutation.


Message History

* * * LOW HITPOINT WARNING * * *
Purgy claws you but does no damage.
Firing (i - inventory. (,) - cycle):
d - 6 sling bullets (quivered)
Press: ? - help, Shift-Dir - straight line, f/p - Purgy
Aim: Purgy (heavily wounded)
You shoot a sling bullet. The sling bullet misses Purgy.
Purgy bites you.
* * * LOW HITPOINT WARNING * * *
Purgy claws you.
* * * LOW HITPOINT WARNING * * *
Purgy claws you.
* * * LOW HITPOINT WARNING * * *
Firing (i - inventory. (,) - cycle):
d - 5 sling bullets (quivered)
Press: ? - help, Shift-Dir - straight line, f/p - Purgy
Aim: Purgy (heavily wounded)
Okay, then.
Do you really want to go berserk while wielding your +1 hunting sling?
A red film seems to cover your vision as you go berserk!
You feel yourself moving faster!
You feel mighty! Purgy misses you. Purgy claws you.
You die...

#..'..∩....∩#
####.≈≈≈(####
####.≈≈≈.#
#..'.≈≈≈.+
####.≈≈≈.#
####.≈≈≈.#
#.)'.≈≈≈.+
####.≈≈≈T#
####.≈≈≈@#
#..'.≈≈≈.+
##########
#≈≈≈# #≈≈≈#
#≈≈≈# #≈≈≈#
#≈≈≈#


You could see Purgy.

Vanquished Creatures
  2 worms (D:2)
  2 dart slugs (D:1)
  4 leopard geckos (D:3)
  3 orcs (D:3)
  9 bats
  4 giant cockroaches
  3 goblins
  3 hobgoblins
  2 jackals (D:2)
  A frilled lizard (D:1)
  12 kobolds
  5 rats
50 creatures vanquished.

Notes
Turn   | Place    | Note
-------+----------+-------------------------------------------
     0 | D:1      | Oravi the Halfling Hunter began the quest for the Orb.
     0 | D:1      | Reached XP level 1. HP: 14/14 MP: 1/1
   147 | D:1      | Reached skill level 6 in Slings
   162 | D:1      | Reached XP level 2. HP: 14/19 MP: 2/2
   872 | D:2      | Reached XP level 3. HP: 24/24 MP: 3/3
   934 | D:2      | Reached skill level 1 in Short Blades
   972 | D:2      | Found a stormy altar of Qazlal.
  1123 | D:2      | Found a white marble altar of Elyvilon.
  1357 | D:2      | Reached skill level 7 in Slings
  1673 | D:2      | Found a snail-covered altar of Cheibriados.
  1783 | D:3      | Reached XP level 4. HP: 23/29 MP: 2/4
  1902 | D:3      | Found a glowing drain.
  1923 | Sewer    | Entered a sewer
  2007 | Sewer    | Noticed Purgy
  2036 | Sewer    | HP: 1/29 [Purgy (3)]
  2037 | Sewer    | Slain by Purgy

Skill      XL: |  1  2  3  4 |
---------------+-------------+-----
Slings         | 6 7 |  7.3
Short Blades   | 1 2 |  2.1
Fighting       | |  1.9
Armour         | |  0.5
Dodging        | |  2.2
Stealth        | |  1.1

Action                   |  1- 3 |  4- 6 || total
-------------------------+-------+-------++-------
Melee: Short sword       |       |     1 ||     1
 Fire: Hunting sling     |    99 |    52 ||   151
  Use: Scroll            |     7 |       ||     7
       Potion            |       |     2 ||     2
  Eat: Chunk             |     2 |     1 ||     3
Armor: Leather armour    |    10 |    10 ||    20
Dodge: Dodged            |    32 |    28 ||    60
